 Dungeon Crawl Stone Soup version 0.31-a0-216-g22e908daa7 (webtiles) character file.

Game seed: 9333485510983890260

30 qw the Shield-Bearer (level 3, 0/23 HPs)
             Began as a Gargoyle Fighter on July 1, 2023.
             Slain by an orc wizard
             ... wielding a +0 dagger
              (2 damage)
             ... on level 2 of the Dungeon.
             The game lasted 00:00:37 (1004 turns).

qw the Shield-Bearer (Gargoyle Fighter)             Turns: 1004, Time: 00:00:37

Health: 0/23       AC: 12    Str: 21    XL:     3   Next: 18%
Magic:  3/3        EV:  7    Int:  8    God:
Gold:   65         SH:  4    Dex:  9    Spells: 2/2 levels left

rFire   . . .        a - +0 war axe
rCold   . . .        c - +0 buckler
rNeg    + . .        e - +0 chain mail
rPois   inf          (no helmet)
rElec   +            (no cloak)
rCorr   .            (no gloves)
SInv    .            (no boots)
Will    .....        (no amulet) Stlth
                     (no ring)
HPRegen 0.23/turn    (no ring)
MPRegen 0.08/turn

%: no passive effects
@: no status effects
A: sickness immunity, AC +3, negative energy resistance 1, electricity
resistance, torment resistance 1, petrification resistance
a: no special abilities


You were on level 2 of the Dungeon.
You visited 1 branch of the dungeon, and saw 2 of its levels.

You collected 65 gold pieces.


Innate Abilities, Weirdness & Mutations

You are immune to sickness and miasma.
Your stone body is resilient. (AC +3)
You are immune to poison.
You resist negative energy. (rN+)
You are resistant to electric shocks. (rElec)
You are resistant to unholy torment.
You are immune to petrification.


   Skills:
 - Level 3.2 Fighting
 + Level 3.2 Axes
 - Level 3.2 Armour
 - Level 3.2 Shields


You had 2 spell levels left.
You didn't know any spells.
Your spell library was empty.

Inventory:

Hand Weapons
 a - a +0 war axe (weapon)
 l - a +0 flail
Armour
 c - a +0 buckler (worn)
 e - a +0 chain mail (worn)
 n - a +0 pair of gloves
Jewellery
 k - a ring of ice
 o - an amulet of regeneration
Scrolls
 b - a scroll of teleportation {unknown}
 m - a scroll of identify {unknown}
 p - a scroll of silence {unknown}
Potions
 d - a potion of might
 f - a potion of curing {unknown}
 g - a potion of attraction {unknown}
 h - a potion of degeneration {unknown}
 i - a potion of resistance
 j - a potion of magic

Dungeon Overview and Level Annotations

Branches:
Dungeon (2/15)

Altars:


Message History

You miss something. The orc hits you but does no damage.
You block something's attack.
You slash the orc!
You kill the orc!
You closely miss something. Something hits you but does no damage.
You completely miss something. You block something's attack.
Something hits you but does no damage.
You closely miss something. Something hits you but does no damage.
You miss something. Something hits you but does no damage.
You miss something. Something hits you but does no damage. Something hits you.
You barely miss something.
You hear some strange, mumbled words.
You are confused.
You hear some strange, mumbled words.
A magic dart appears from out of thin air!
The magic dart hits you. Something hits you but does no damage.
You hear some strange, mumbled words.
Something tries to affect you, but you resist.
Something hits you but does no damage.
You feel less confused.
You hear some strange, mumbled words.
Something tries to affect you, but you resist.
You barely miss something.
You hear some strange, mumbled words.
You are confused.
Something hits you but does no damage. Something hits you but does no damage.
Something hits you but does no damage. Something hits you but does no damage.
Something hits you but does no damage.
You feel less confused. Something hits you.
You closely miss something. Something hits you.
You die...

. #... . #... . #...
# . ... #.# .... .
..##.# .[... ..
.oo.. ......##.
#{#.# ..#.#.#..###
##@#.##.#..#.......
##.)#.#....##.......
##..##.....#
#....... #...#...#.#
#...... #.....#..<#
#...... #...###%###
#...... #...# #).##
#...... #...# #...#
#...... #######.#.##
#......


You could see 2 orcs.

Vanquished Creatures
  A worm (D:2)
  2 orcs (D:2)
  A ball python (D:1)
  2 endoplasms (D:2)
  4 goblins
  A hobgoblin (D:2)
  2 jackals (D:2)
  3 bats (D:1)
  5 kobolds
  3 rats
24 creatures vanquished.

Notes
Turn   | Place    | Note
-------+----------+-------------------------------------------
     0 | D:1      | qw the Gargoyle Fighter began the quest for the Orb.
     0 | D:1      | Reached XP level 1. HP: 14/14 MP: 1/1
     0 | D:1      | 0 ||| qw: Version: 0.3-a-35-g05ef00e
     0 | D:1      | 0 ||| qw: Game counter: 7711
     0 | D:1      | 0 ||| qw: Melee chars always use a shield: true
     0 | D:1      | 0 ||| qw: God list: Okawaru
     0 | D:1      | 0 ||| qw: Allow faded altars: false
     0 | D:1      | 0 ||| qw: Do Orc after clearing Dungeon:15 true
     0 | D:1      | 0 ||| qw: Do second Lair branch before Depths: true
     0 | D:1      | 0 ||| qw: Lair rune preference: random
     0 | D:1      | 0 ||| qw: Goals: Normal, Zot:1-4, Slime:5, God:TSO, Crypt,
                  | Tomb, Abyss, Pan, Hells, Win
     0 | D:1      | 0 ||| PLANNING D:1-11
   199 | D:1      | Reached XP level 2. HP: 19/19 MP: 2/2
   376 | D:1      | 376 ||| DROPPING +0 club.
   595 | D:1      | 595 ||| UPGRADING to +0 chain mail.
   605 | D:1      | 605 ||| DROPPING +0 scale mail.
   606 | D:1      | 606 ||| DRINKING 2 bubbling blue potions.
   607 | D:1      | 607 ||| DRINKING 2 fuming grey potions.
   833 | D:2      | 833 ||| Stepping ~*~*~tactically~*~*~ (stealth).
   910 | D:2      | Reached skill level 3 in Axes
   921 | D:2      | Reached XP level 3. HP: 17/23 MP: 3/3
   957 | D:2      | 957 ||| Stepping ~*~*~tactically~*~*~ (hiding).
   984 | D:2      | HP: 5/23 [orc/+0 hand axe (2)]
   990 | D:2      | HP: 2/23 [something (4)]
  1003 | D:2      | HP: 2/23 [something (1)]
  1004 | D:2      | Slain by an orc wizard

Levels and vault maps discovered:
D:1:      minmay_arrival_hallway, layout_loops_ring
D:2:      layout_rooms

Skill      XL: |  1  2 |
---------------+-------+-----
Axes           | 2 3 |  3.2
Fighting       | |  3.2
Armour         | |  3.2
Shields        | |  3.2

Action                     || total
---------------------------++-------
  Melee: War axe           ||    98
    Use: Potion            ||     2
 Armour: Scale mail        ||    12
         Chain mail        ||    55
  Dodge: Dodged            ||    37
  Block: Buckler           ||    25

Table legend:
 A = Non-vault XP
 B = Vault XP
 C = Vault XP percentage of total XP
 D = Non-vault monster count
 E = Vault monster count
 F = Vault count percentage of total count
                 A         B        C        D         E       F
            +---------+---------+-------+---------+---------+-------
      Total |      43 |       0 |   0.0 |      24 |       0 |   0.0
            +---------+---------+-------+---------+---------+-------
        D:1 |      15 |       0 |   0.0 |      10 |       0 |   0.0
        D:2 |      28 |       0 |   0.0 |      14 |       0 |   0.0
            +---------+---------+-------+---------+---------+-------
